Cogmind - Beta 17 @@@ ROGUE MODE // 2026.08.07 @ 12:55:04 Player: LandRaider Result: Destroyed by G-34 Mercenary with Small Laser Performance ------------- Evolutions (1) 500 Regions Visited (4) 800 Robots Destroyed (24) 120 Value Destroyed (318) 318 Prototype IDs (1) 20 Alien Tech Used (0) 0 Bonus (0) 0 TOTAL SCORE: 1758 Bonus ------- None Cogmind --------- Core Integrity 0/400 Matter 194/300 Energy 73/100 System Corruption 0% Temperature Cool (6) Movement Core (250) Ox4 Location -9/Mines Parts ------- > --- POWER (1) -------- (None) > --- PROPULSION (2) --- (None) > --- UTILITY (4) ------ Medium Storage Unit Visual Processing Unit Terrain Scanner ECM Suite > --- WEAPON (2) ------- Hammer > --- INVENTORY (10) --- Aluminum Leg Scrap Suit Medium Storage Unit Sensor Array Improved Medium Laser Grenade Launcher Peak State ------------ > --- POWER ------------ Light Ion Engine > --- PROPULSION ------- Wheel Wheel > --- UTILITY ---------- Medium Storage Unit Visual Processing Unit Terrain Scanner ECM Suite > --- WEAPON ----------- Improved Medium Laser Improved Medium Laser > --- INVENTORY -------- Aluminum Leg Aluminum Leg Scrap Suit Medium Storage Unit Sensor Array EM Pulse Gun Assault Rifle Grenade Launcher Hammer [Rating: 15] Favorites ----------- Power Light Ion Engine Engine Light Ion Engine Propulsion Wheel Leg Aluminum Leg Wheel Wheel Utility ECM Suite Device ECM Suite Storage Medium Storage Unit Processor Visual Processing Unit Weapon Improved Medium Laser Energy Gun Improved Medium Laser Ballistic Gun Assault Rifle Launcher Grenade Launcher Impact Weapon Hammer Build | -11 -10 -10 -9 -9 ------- Run | Yrd Mat Min Mat Min Slots Evolved 2 | . . . 2 . Power . | . . . . . Propulsion . | . . . . . Utility 2 | . . . 2 . Weapon . | . . . . . Parts Attached 17 | 6 4 2 3 2 Power 2 | 1 . 1 . . Engine 2 | 1 . 1 . . Core . | . . . . . Reactor . | . . . . . Propulsion 4 | 2 . 1 . 1 Treads . | . . . . . Leg 1 | . . . . 1 Wheel 3 | 2 . 1 . . Hover . | . . . . . Flight . | . . . . . Utility 5 | 1 2 . 2 . Device 2 | . 1 . 1 . Storage 2 | 1 1 . . . Processor 1 | . . . 1 . Hackware . | . . . . . Protection . | . . . . . Artifact . | . . . . . Weapon 6 | 2 2 . 1 1 Energy Gun 3 | 1 . . 1 1 Energy Cannon . | . . . . . Ballistic Gun 1 | 1 . . . . Ballistic Cannon . | . . . . . Launcher 1 | . 1 . . . Special Weapon . | . . . . . Impact Weapon 1 | . 1 . . . Slashing Weapon . | . . . . . Piercing Weapon . | . . . . . Special Melee Weapon . | . . . . . Unidentified Prototypes 1 | . . . 1 . Parts Lost 9 | . . 3 . 6 Power 2 | . . 1 . 1 Propulsion 4 | . . 1 . 3 Utility . | . . . . . Weapon 3 | . . 1 . 2 Highest Loss Streak 5 | . . 3 . 5 To Critical Strikes . | . . . . . Average Backups 8 | 1 7 9 9 8 Power . | . 1 . . . Propulsion 1 | . 2 2 2 1 Utility 2 | . 1 2 3 3 Weapon 3 | . 2 4 4 3 Tool/Special . | . . . . . Unused Backups 7 | . . 1 1 5 Power . | . . . . . Propulsion 1 | . . . . 1 Utility 3 | . . . . 3 Weapon 3 | . . 1 1 1 Tool/Special . | . . . . . Average Slot Usage (%) 88 | . 99 90 78 86 Engine 12 | . 14 14 11 10 Wheel 19 | . 28 24 22 10 Device 16 | . 13 14 15 22 Storage 12 | . 14 14 11 11 Processor 4 | . . . 4 11 Energy Gun 9 | . 9 . 5 20 Ballistic Gun 1 | . 6 . . 1 Launcher 4 | . 8 8 . . Impact Weapon 7 | . 4 14 9 . Peak Build Rating 15 | 6 7 8 13 15 Average Rating 9 | 4 6 6 9 13 On Entrance 6 | . 6 7 7 13 Avg Prop Armor Cover (%) . | . . . . . Naked Turns . | . . . . . Heaviest Build 22 | 12 20 20 21 22 Greatest Support 20 | 20 20 20 20 10 Greatest Overweight (x) 4 | 2 . 1 1 4 Average Overweight (x) . | . . . . 1 Largest Inventory Capacity 10 | 8 10 10 10 10 Average Capacity 9 | 7 9 10 10 10 Most Carried 10 | 4 9 10 10 10 Average Carried 9 | 1 7 9 9 9 Final Capacity 10 | 8 10 10 10 10 Final Carried 10 | 4 9 10 10 7 Class Distribution -------------------- 100% | Mutant Dominant Class ---------------- Mutant | -10/Materials Mutant | -10/Mines Mutant | -9/Materials Mutant | -9/Mines Resources | -11 -10 -10 -9 -9 ----------- Run | Yrd Mat Min Mat Min Matter Collected 628 | 238 32 97 146 115 Remotely . | . . . . . Salvage Created 598 | . 201 94 146 157 Parts 24 | . 13 2 1 8 Haulers Intercepted 2 | . 1 . 1 . Recyclers Shooed 1 | . 1 . . . Parts Field Recycled . | . . . . . Retrieved Matter . | . . . . . Parts Self-Destructed . | . . . . . Prevented . | . . . . . Parts Restored . | . . . . . Kills | -11 -10 -10 -9 -9 ------- Run | Yrd Mat Min Mat Min Combat Hostiles Destroyed 8 | . 2 2 . 4 Guns 3 | . . . . 3 AOE 4 | . 2 2 . . Classes Destroyed 10 | . 7 1 . 2 Worker 3 | . 2 1 . . Builder 3 | . 2 1 . . Tunneler 2 | . . 2 . . Hauler 2 | . 1 . 1 . Recycler 4 | . 2 . 1 1 Operator 1 | . 1 . . . Watcher 1 | . 1 . . . Swarmer 3 | . . . . 3 Grunt 4 | . 2 2 . . Duelist 1 | . . . . 1 Best Kill Streak 9 | . 9 2 2 2 Combat Bots Only 2 | . 1 2 . 1 Max Kills in Single Turn 3 | . 3 1 1 1 Gunslinging . | . . . . . Exploded 1 | . 1 1 . . Melee . | . . . . . Uniques/NPCs Destroyed . | . . . . . Combat | -11 -10 -10 -9 -9 -------- Run | Yrd Mat Min Mat Min Hostile Shots Fired 104 | . 5 15 2 82 Missed 24 | . 1 2 . 21 Hits 80 | . 4 13 2 61 Melee 13 | . . . . 13 Projectile 67 | . 4 13 2 48 Critical Strikes 4 | . . 1 . 3 Damage Taken 1222 | . 154 206 25 837 Core 522 | . 80 42 . 400 Absorbed by Shields . | . . . . . Core Remaining (%) 75 | 100 . 51 . . Volleys Fired 61 | . 24 16 . 21 Largest 2 | . 2 1 . 2 Hottest 112 | . 60 30 . 112 Shots Fired 84 | . 27 16 . 41 Gun 51 | . 10 . . 41 Cannon . | . . . . . Launcher 33 | . 17 16 . . Special . | . . . . . Kinetic 8 | . 3 . . 5 Thermal 30 | . . . . 30 Explosive 33 | . 17 16 . . Electromagnetic 13 | . 7 . . 6 Robot Hit Streak 6 | . 2 . . 6 Robot Miss Streak 7 | . 4 . . 7 Penetration Max . | . . . . . Secondary Targets . | . . . . . Shots Hit Robots 40 | . 5 4 4 27 Core Hits 33 | . 19 8 . 6 Critical Kills . | . . . . . Critical Parts Destroyed 3 | . . . 1 2 Critical Strikes 4 | . . . 1 3 Burn 1 | . . . . 1 Smash 3 | . . . 1 2 Melee Attacks 26 | . 1 4 15 6 Impact 26 | . 1 4 15 6 Slashing . | . . . . . Piercing . | . . . . . Sneak Attacks 6 | . . 4 2 . Combat Hostiles . | . . . . . Follow-up Attacks . | . . . . . Damage Inflicted 2144 | . 865 685 149 445 Guns 397 | . 49 . . 348 Cannons . | . . . . . Explosions 1296 | . 816 480 . . Melee 451 | . . 205 149 97 Ramming . | . . . . . Kinetic 48 | . . . . 48 Thermal 256 | . . . . 256 Explosive 1296 | . 816 480 . . Electromagnetic 93 | . 49 . . 44 Impact 451 | . . 205 149 97 Slashing . | . . . . . Piercing . | . . . . . Highest Corruption 1 | . 1 1 . . Average Corruption 1 | . 1 1 . . Corruption Purged . | . . . . . Corruption Blocked . | . . . . . Effects 5 | . . 5 . . Message Errors 2 | . . 2 . . Matter Fused 2 | . . 2 . . Energy Discharges 1 | . . 1 . . Overload Shots . | . . . . . Overflow Damage 123 | . 4 34 37 48 Projectiles . | . . . . . Explosions 4 | . 4 . . . Melee 119 | . . 34 37 48 Knockbacks 3 | . . 2 1 . Impact 3 | . . 2 1 . Kinetic . | . . . . . Secondary . | . . . . . Self-Inflicted Damage 146 | . 111 35 . . Shots 7 | . 5 2 . . Rammed . | . . . . . Targets Rammed . | . . . . . Kicked . | . . . . . Crushed . | . . . . . Highest Temperature 355 | . 6 23 . 355 Average Temperature 104 | . 2 8 . 125 Received Heat Transfer 246 | . 24 117 15 90 Effects 1 | . . . . 1 Energy Bleed 1 | . . . . 1 Siege Activations . | . . . . . Martial Activations . | . . . . . Shielding Activations . | . . . . . Robots Disrupted . | . . . . . Combat Hostiles . | . . . . . Robots Corrupted 4 | . . 2 1 1 Combat Hostiles 1 | . . . . 1 Parts Fried 7 | . . 4 2 1 Impact Corruptions 7 | . . 3 2 2 Robots Melted . | . . . . . Combat Hostiles . | . . . . . Parts Melted . | . . . . . Heat Transferred 629 | . . . . 629 Parts Sabotaged . | . . . . . Parts Stolen . | . . . . . Parts Stripped . | . . . . . Power Chain Reactions . | . . . . . Alert | -11 -10 -10 -9 -9 ------- Run | Yrd Mat Min Mat Min Maximum Alert Level . | . . . . . Low Security (%) 100 | 100 100 100 100 100 Level 1 . | . . . . . Level 2 . | . . . . . Level 3 . | . . . . . Level 4 . | . . . . . Level 5 . | . . . . . High Security . | . . . . . Max Security . | . . . . . Peak Influence 146 | . 146 55 7 35 Initial 52 | . . 52 . . Average 11 | . 37 12 1 5 Influence Increases 445 | . 196 100 19 130 Destroy 0b10 Robot/C 160 | . 40 40 . 80 Destroy 0b10 Robot/NC 80 | . 45 20 10 5 Destroy Leader 56 | . 14 10 2 30 Successful Hack 5 | . . 5 . . Destroy Structure 129 | . 97 25 7 . Lose Combat Pursuer 15 | . . . . 15 Influence Decreases 428 | . 60 236 19 113 Entered New Map 84 | . . 84 . . Time Decay 264 | . 60 122 19 63 Lost Part 80 | . . 30 . 50 Squads Dispatched 1 | . 1 . . . Investigation . | . . . . . Extermination . | . . . . . Reinforcement 1 | . 1 . . . Assault . | . . . . . Garrison . | . . . . . Intercept . | . . . . . Searches Triggered . | . . . . . Construction Impeded . | . . . . . Haulers Reinforced . | . . . . . Active Scanning Responses . | . . . . . Cargo Convoy Interrupts . | . . . . . Stealth | -11 -10 -10 -9 -9 --------- Run | Yrd Mat Min Mat Min Distress Signals 1 | . 1 . . . Communications Jammed . | . . . . . Distress Signals . | . . . . . Times Spotted 38 | . 10 4 4 20 Peak Tracking Total 6 | . 2 4 6 6 Tactical Retreats 9 | . . 1 1 7 ECM-based Alert Blocks 21 | . . 2 5 14 Traps | -11 -10 -10 -9 -9 ------- Run | Yrd Mat Min Mat Min Traps Triggered . | . . . . . Indirectly . | . . . . . Trap Hack Attempts . | . . . . . Triggered . | . . . . . Disarmed . | . . . . . Reprogrammed . | . . . . . Reused . | . . . . . Traps Extracted . | . . . . . Installed . | . . . . . Triggered . | . . . . . Machines | -11 -10 -10 -9 -9 ---------- Run | Yrd Mat Min Mat Min Machines Disabled . | . . . . . Max in Single Turn . | . . . . . Machines Repaired . | . . . . . Machines Dismantled . | . . . . . Machines Sabotaged . | . . . . . Overloaded Fab Kills . | . . . . . Hacking | -11 -10 -10 -9 -9 --------- Run | Yrd Mat Min Mat Min Machines Accessed 3 | . 1 1 1 . Terminals 3 | . 1 1 1 . Fabricators . | . . . . . Repair Stations . | . . . . . Recycling Units . | . . . . . Scanalyzers . | . . . . . Garrison Access . | . . . . . Total Hacks 10 | . 6 3 1 . Successful 4 | . 2 2 . . Failed 5 | . 3 1 1 . Catastrophic 1 | . 1 . . . Database Lockouts 1 | . 1 . . . Manual 2 | . . 2 . . Terminals 10 | . 6 3 1 . Fabricators . | . . . . . Repair Stations . | . . . . . Recycling Units . | . . . . . Scanalyzers . | . . . . . Garrison Access . | . . . . . Terminal Hacks 3 | . 2 1 . . Record 2 | . 2 . . . Zone Layout 1 | . . 1 . . Fabricator Hacks . | . . . . . Repair Station Hacks . | . . . . . Recycling Unit Hacks . | . . . . . Scanalyzer . | . . . . . Garrison Access Hacks . | . . . . . Unauthorized Hacks 1 | . . 1 . . Terminals 1 | . . 1 . . Botnet 1 | . . 1 . . Fabricators . | . . . . . Repair Stations . | . . . . . Recycling Units . | . . . . . Scanalyzers . | . . . . . Garrison Access . | . . . . . Data Cores Recovered . | . . . . . Used . | . . . . . Hacking Detections 3 | . 1 1 1 . Full Trace Events 1 | . 1 . . . Feedback Events 1 | . 1 . . . Corruption 1 | . 1 . . . Feedback Blocked . | . . . . . Robot Schematics Acquired . | . . . . . Robots Built . | . . . . . Authchips . | . . . . . Time . | . . . . . Total Robot Build Rating . | . . . . . Part Schematics Acquired . | . . . . . Parts Built . | . . . . . Authchips . | . . . . . Time . | . . . . . Total Part Build Rating . | . . . . . Part Studies Acquired . | . . . . . Parts Repaired . | . . . . . Time . | . . . . . Parts Recycled . | . . . . . Recycled Matter . | . . . . . Retrieved Matter . | . . . . . Retrieved Components . | . . . . . Parts Scanalyzed . | . . . . . Part Schematics Acquired . | . . . . . Parts Damaged . | . . . . . Bothacking | -11 -10 -10 -9 -9 ------------ Run | Yrd Mat Min Mat Min Used RIF Installer . | . . . . . Robots Hacked . | . . . . . Non-combat . | . . . . . Combat . | . . . . . Robot Hacks Applied . | . . . . . Relay Couplers Released . | . . . . . Fabnet Peak Effective % . | . . . . . Robots Rewired . | . . . . . Allies Hacked . | . . . . . Hacks Repelled . | . . . . . Allies | -11 -10 -10 -9 -9 -------- Run | Yrd Mat Min Mat Min Total Allies . | . . . . . Largest Group . | . . . . . Highest-Rated Group . | . . . . . Highest-Rated Ally . | . . . . . Total Orders . | . . . . . Ally Attacks . | . . . . . Total Damage . | . . . . . Kills . | . . . . . Allies Corrupted . | . . . . . Allies Melted . | . . . . . Intel | -11 -10 -10 -9 -9 ------- Run | Yrd Mat Min Mat Min Active Infowar (turns) 1302 | . 198 450 179 475 Optics 539 | . . . 64 475 Terrain 508 | . . . 68 440 ECM 1272 | . 198 450 179 445 Robot Analysis Total . | . . . . . Derelict Logs Recovered 2 | . . 1 . 1 Drone Launches . | . . . . . Drone Recoveries . | . . . . . Exploration | -11 -10 -10 -9 -9 ------------- Run | Yrd Mat Min Mat Min Turns Passed 1347 | 40 203 450 179 475 Spaces Moved 1036 | 32 174 435 148 247 Core 8 | 7 . . . 1 Treads . | . . . . . Legs 3 | . . . . 3 Wheels 1025 | 25 174 435 148 243 Hover . | . . . . . Flight . | . . . . . Fastest Speed 50 | 50 80 80 80 110 Average Speed 90 | 85 80 83 87 111 Slowest Speed 250 | 150 80 95 95 250 Overloaded Moves . | . . . . . Propulsion Burnouts . | . . . . . Robots Hopped . | . . . . . Potential Cave-ins . | . . . . . Cave-ins Triggered . | . . . . . Exploration Rate (%) 38 | 3 40 82 18 51 Regions Visited 4 Branch Regions 2 Pre-discovered Areas . | . . . . . Known Exits Taken . | . . . . . Unknown Exits Taken 4 | 1 1 1 1 . Scrap Searched 2 | . . 1 . 1 Spaces Dug 7 | . . . 7 . Terrain Destroyed 174 | . 116 51 7 . Melee 7 | . . . 7 . Projectile . | . . . . . AOE 167 | . 116 51 . . Terrain Rammed . | . . . . . Walls Destroyed . | . . . . . Machines Disabled . | . . . . . Actions | -11 -10 -10 -9 -9 --------- Run | Yrd Mat Min Mat Min Total 1311 | 41 206 498 171 395 Wait 154 | . . 39 . 115 Move 1032 | 31 173 434 147 247 Hop . | . . . . . Pick Up 13 | 4 4 2 2 1 Fast Attach 12 | 6 1 1 4 . Attach 5 | . . 1 . 4 Detach . | . . . . . Swap 4 | . 3 . . 1 Drop 4 | . . 1 3 . Fire 61 | . 24 16 . 21 Melee 26 | . 1 4 15 6 Ram . | . . . . . Kick . | . . . . . Crush . | . . . . . Escape Stasis . | . . . . . Rewire . | . . . . . Trap . | . . . . . Miscellaneous . | . . . . . Route ------- -11/Scrapyard -10/Materials (discovered 2 exits: *Min x2) -10/Mines -9/Materials -9/Mines History --------- Turn | Location | Event 17 | -11/Scrapyard | Discovered new exit (range 16) 41 | -11/Scrapyard | Entered Materials 206 | -10/Materials | Discovered new exit (range 15) 223 | -10/Materials | Discovered new exit (range 13) 241 | -10/Materials | Central database locked down 244 | -10/Materials | Entered Mines 308 | -10/Mines | YI-UF0 nonchalantly dropped a Grenade Launcher on the ground 310 | -10/Mines | Build established: Mutant 557 | -10/Mines | Lost 3 parts (1p1n1w) 563 | -10/Mines | Discovered new exit (range 13) 651 | -10/Mines | Found a Scrap Suit stashed away for nefarious purposes 653 | -10/Mines | Found Scrap Suit 694 | -10/Mines | Entered Materials 694 | -9/Materials | Evolved 2 slots: Utility x2 860 | -9/Materials | Discovered new exit (range 10) 873 | -9/Materials | Entered Mines 972 | -9/Mines | Learned Materials machine intel 1301 | -9/Mines | Core integrity fell below 50% 1324 | -9/Mines | Core integrity fell below 20% 1348 | -9/Mines | Destroyed by G-34 Mercenary with Small Laser Last Messages --------------- 01277_ S-10 Pest destroyed. 01283_ R-06 Scavenger destroyed. 01286_ Acquired 55 matter. 01292_ Imp. Medium Laser severed. 01295_ Wheel destroyed. 01297_ Imp. Medium Laser severed. 01305_ Lgt. Ion Engine destroyed. 01318_ Acquired Imp. Medium Laser. 01320_ EM Pulse Gun destroyed. 01328_ L-31 Rogue suffers critical hit (Smash). 01328_ Destroyed Melee Analysis Suite. 01328_ L-31 Rogue system corrupted by crushing effect. 01329_ L-31 Rogue system terminally corrupted. 01329_ Imp. Ion Engine fried. 01331_ S-10 Pest destroyed. 01333_ S-10 Pest suffers critical hit (Smash). 01333_ Destroyed Flight Unit. 01333_ S-10 Pest system corrupted by crushing effect. 01336_ Aluminum Leg destroyed. 01344_ Assault Rifle destroyed. Map ----- +----------------------------------------------------+ | | | | | | | | | | | | | ?????????#???????????????????????????????????????? | | ?????????????????????????????????????????????????? | | ??????#???????????#??????????????????????????????? | | ????#????????????????????????????????????????????? | | ??????????#??????????????????????????????????????? | | ????????????#????????????????????????????????????? | | ?????????????????????????????????????????????????? | | ???????????#????#####?#??????????????????????????? | | #???????????????? #????????????????????????????? | | ???????#######??# ##? ##???????????????????????? | | ???#???# #???# ##? #?#????????????????????? | | ???????# [##### ##?# #??????????????????????? | | ????#??# = ### #??#? ?? ??????????????? | | ???????# [ ## #??? ??????????????????? | | ???????# ##### ## #?????"????????????????? | | ???????# #??## ## #??????????????????????? | | ?????#########??## ## ###???????? ???????????? | | ??????# ####?????## ## #?#????#??#????????????? | | ???#### ########## ## #?????#??????#?????????? | | ?????# ##?## ##@#???????#??????????????? | | ?#???# #### #[##?????????????????????? | | ?????# # ### ## =%[#?????????????????????? | | ?#???###?#### ###g#?????????????#???????? | | ???#????#### ##?#g#?????????????????????? | | ?????#?## """ #####??#t######????????????????? | | ?????#?# """ ##??????#= =%* #????????????????? | | ???????# """ #?????#?#####[ #???????????#????? | | ???#???##### #?#??????#?# #?????#??????????? | | ???????????## #??????????# #?#?#????????????? | | ????????????# ##??????????# #????????????????? | | ????????????## ##???##??????# ##??#????????????? | | ?????????????####??##?#??##??# #??#?????????????? | | ??????????????????##?????????# #????????????????? | | ??????????????????????#??????# ##???????????????? | | ?????#??????????????#????????# ##??????????????? | | ????????????#??????????#???#?## #??????????????? | | ????????????????????####?????## ##?????????????? | | ???????????????????## ####### " ####### #?????? | | ??????????????????## "%" #?????? | | ????????????#????## #### " #######?????? | | ????????????????## ##??# ### ###???????????? | | ??????####??#??## ###??# #?## ##?????????????? | | ?????## ####### ##???## #??####??????????????? | | ?????# ####### ##??#????????????????? | +----------------------------------------------------+ Best States ------------- Heat Dissipation 28 Energy Generation 10 Energy Capacity 125 Matter Stores 278 Matter Capacity 300 Sight Range 18 Terrain Scan Range 14 Terrain Scan Density 10 ECM Strength 1 Evasion (%) 44 Item Schematics ----------------- None Robot Schematics ------------------ None Fabricated ------------ Nothing Repaired ---------- Nothing Studied --------- None Alien Tech Used ----------------- None Achievements -------------- None Challenges ------------ None Game ------ Seed UltimateDamperFacilitator Manual? 0 Play Time 00:13:27 Cumulative 41.2 hours Start 2026.08.07 @ 12:41:24 End 2026.08.07 @ 12:55:04 Sessions 1 Manual Loads 0 Difficulty Rogue Special Mode None Game No. 40 Rogue 38 Adventurer 2 Explorer 0 Win Type - Total 0 Types 0/0/0/0/0/0/0/0/0/0 Lore% 26 Gallery% 25 Achievement% 22 Wizard Run 0 Options --------- Layout 0 ASCII 0 Keyboard 0 Movement Mouse Keybinds 0 Fullscreen 2 Font 24/Smallcaps Map View 76x50 Zoom Use 0% Tactical HUD 1 Map Filters NONE Filters NONE Steam 1 RUN: 98baeedd-75b0-4273-86a7-f9993d5cfca1